 Dungeon Crawl Stone Soup version 0.30-a0-374-g95c0257040 (webtiles) character file.

Game seed: 10672781392707960623

2237 kae the Transmogrifier (level 9, -2/76 HPs)
             Began as a Black Draconian Transmuter on Nov 25, 2022.
             Was an Initiate of Ru.
             Slain by an orc
             ... wielding a +0 hand axe
              (10 damage)
             ... on level 7 of the Dungeon.
             The game lasted 00:06:37 (6529 turns).

kae the Transmogrifier (Black Draconian Transmuter) Turns: 6529, Time: 00:06:37

Health: -2/76      AC:  8    Str: 18    XL:     9   Next: 14%
Magic:  14/16      EV: 10    Int: 16    God:    Ru [......]
Gold:   334        SH:  0    Dex: 16    Spells: 8/18 levels left

rFire   x . .      SeeInvis +      - Unarmed
rCold   + + +      Faith    .    (shield currently unavailable)
rNeg    . . .      Spirit   .    (body armour unavailable)
rPois   +          Reflect  .    (helmet currently unavailable)
rElec   .          Harm     .    (cloak currently unavailable)
rCorr   .          Rampage  .    (gloves currently unavailable)
Will    .....      Clarity  +    (boots currently unavailable)
Stlth   +.........               (no amulet)
HPRegen 0.32/turn                S - +6 ring of strength
MPRegen 0.15/turn                v - ring of see invisible

@: about to teleport, ice-form, wereblooded, flying
A: freezing attack, amphibious, boosted hp, (breathe lightning), AC +7, large,
unfitting armour, (electricity resistance), (cold-blooded), agile 1, clarity,
(fire resistance 1)
a: End Transformation, Renounce Religion


You were on level 7 of the Dungeon.
You worshipped Ru.
Ru was noncommittal.
You were a creature of crystalline ice.
You visited 2 branches of the dungeon, and saw 8 of its levels.
You also visited: Bailey.

You collected 334 gold pieces.


Innate Abilities, Weirdness & Mutations

You are a creature of crystalline ice.
You have a powerful freezing melee attack.
You are amphibious.
Your maximum health is increased.
Your armour is entirely melded.
You are incapable of wielding weapons or throwing items.
((You can breathe wild blasts of lightning.))
((Your glossy black scales are hard. (AC +7)))
You cannot fit into any form of body armour.
((You are resistant to electric shocks. (rElec)))
((You are cold-blooded and may be slowed by cold attacks.))
You are agile. (Dex +4, Str/Int -1)
You possess an exceptional clarity of mind.
((Your flesh is heat resistant. (rF+)))


   Skills:
 - Level 1.1 Fighting
 - Level 1.7 Dodging
 + Level 6.0 Unarmed Combat
 + Level 5.2 Spellcasting
 * Level 8.0 Transmutations
 - Level 5.0 Ice Magic
 - Level 2.0 Poison Magic


You had 8 spell levels left.
You knew the following spells:

 Your Spells              Type           Power      Damage    Failure   Level
a - Beastly Appendage     Tmut           58%        N/A       1%          1
b - Wereblood             Tmut           29%        N/A       1%          2
c - Spider Form           Tmut/Pois      20%        N/A       6%          3
d - Ice Form              Ice/Tmut       25%        N/A       11%         4

Your spell library contained the following spells:

 Spells                   Type           Power      Damage    Failure   Level
 Freeze                   Ice            80%        1d9       1%          1
 Frozen Ramparts          Ice            40%        1d7       6%          3
 Slow                     Hex            16%        N/A       16%         1
 Summon Small Mammal      Summ           16%        N/A       16%         1
 Hailstorm                Conj/Ice       12%        3d5       16%         3
 Call Canine Familiar     Summ           4%         N/A       41%         3
 Summon Guardian Golem    Hex/Summ       4%         N/A       41%         3

Inventory:

Hand Weapons
 d - a +0 short sword
   (You took it off a kobold on level 1 of the Dungeon)
Missiles
 b - 130 stones
 m - 15 poisoned darts
 o - 2 throwing nets {=f!f}
 u - 3 boomerangs
Armour
 c - a +1 pair of gloves (melded)
   (You found it on level 2 of the Dungeon)
Magical Staves
 r - a staff of death {!a}
   (You found it on level 5 of the Dungeon)
Jewellery
 v - a ring of see invisible (right front paw)
   (You took it off a goblin on level 3 of the Dungeon)
 S - a +6 ring of strength (left front paw)
   (You found it on level 3 of the Dungeon)
 Z - a ring of wizardry
   (You found it on level 7 of the Dungeon)
Wands
 w - a wand of flame (25)
   (You found it on level 6 of the Dungeon)
 x - a wand of paralysis (4)
   (You found it on level 6 of the Dungeon)
Scrolls
 f - a scroll of blinking {!r}
 j - 2 scrolls of teleportation {@r4}
 n - a scroll of poison {!r}
 t - a scroll of immolation {!r!r}
Potions
 a - a potion of lignification {!q}
 e - 2 potions of attraction {!q}
 g - a potion of degeneration {!q}
 h - a potion of invisibility
 i - a potion of ambrosia
 k - 2 potions of resistance
 l - a potion of curing {@q1}
 q - 6 potions of heal wounds {@q2}
Miscellaneous
 s - a piece from Xom's chessboard (15/15)
   (You found it on level 4 of the Dungeon)

Dungeon Overview and Level Annotations

Branches:
Dungeon (7/15) Zot: 26801  Temple (1/1) D:6 Zot: 5774  Bailey (visited)

Altars:
Ashenzari
Dithmenos
Elyvilon
Fedhas
Gozag
Hepliaklqana
Kikubaaqudgha
Makhleb
Nemelex Xobeh
Okawaru
Qazlal
Ru
Sif Muna
Trog
Uskayaw
Vehumet
Xom
Yredelemnul
Zin
The Shining One

Annotations:
D:3 3 runed translucent doors, Philosophunculist's ghost, amateur MiHu

[........ ##.####.# #
#.......# #.. ....#.##
#.......# #.###.......
#.......#####.......#
#...............†.# # #
yg...g.~~~~~≈~..#.#.#.#
y.#.#.~#####~.)..#...#
#.#.≈#o.o#~..#....##.
#.y.~)yY.#~..........
###.~#ogy#~.>....#.##
#.~#####~[[###.#.##
#..~≈≈≈~~~[<.#......
#..........†)<...#.
#..##.#.#........# ##.
# #.####.#.#.# .. #
..#.# # .....


You could see an orc warrior (strong), 3 killer bees, 2 orcs and a goblin.


Message History

No target in view!
No target in view!
An orc knight comes into view. It is wielding a +0 battleaxe. 😎 MP[+1]
An orc knight is nearby!
An orc knight is nearby!
It was a potion of flight.
You feel very buoyant.
You fly up into the air.
It was a potion of mutation.
You feel extremely strange.
You feel resistant to heat.
Your thoughts seem clearer.
You feel agile.
The orc knight shouts! 😎 MP[+1] Unknown command.
It was a potion of curing.
You feel better.
An orc warrior comes into view. It is wielding a +0 hand axe.
The orc knight roars a battlecry!
The orc warrior goes into a battle-frenzy!
You hear a shout!
Okay, then.
Okay, then.
Aiming: Paralyse
Press: ? - help, Shift-Dir - straight line, f - orc knight
Aim: an orc knight, wielding a +0 battleaxe and wearing a +0 plate armour (chance to affect: 31%)
The orc knight easily resists.
The orc warrior shouts!
An orc comes into view. It is wielding a +0 hand axe.
Aiming: Paralyse
Press: ? - help, Shift-Dir - straight line, f/p - orc knight
Aim: an orc knight, wielding a +0 battleaxe and wearing a +0 plate armour (chance to affect: 31%)
The orc knight easily resists.
An orc comes into view. It is wielding a +0 hand axe.
Aiming: Paralyse
Press: ? - help, Shift-Dir - straight line, f/p - orc knight
Aim: an orc knight, wielding a +0 battleaxe and wearing a +0 plate armour (chance to affect: 31%)
The orc knight suddenly stops moving!
The orc shouts!
A goblin comes into view. It is wielding a +0 hand axe.
Casting: Ice Form (dangerous; 11% risk of failure)
Confirm with . or Enter, or press ? or * to list all spells.
Your blood is infused with primal strength. 😎 MP[-1]
You lost 1 mp, and now have 13/16 mp.
The orc warrior hits you with a +0 hand axe!!
There is an open gate here. 😕 HP[-18]
You take 18 damage, and now have 58/76 hp.
MASSIVE DAMAGE!! (PAUSE)
You hit the orc. You freeze the orc.
The orc warrior hits you with a +0 hand axe.
The orc barely misses you. 😮 HP[-2]
You take 2 damage, and now have 56/76 hp.
You barely miss the orc.
The orc warrior hits you with a +0 hand axe!!
* * * LOW HITPOINT WARNING * * *
The orc hits you with a +0 hand axe.
* * * LOW HITPOINT WARNING * * *
😨 HP[-25]
You take 25 damage, and now have 31/76 hp.
MASSIVE DAMAGE!! (PAUSE)
The goblin attacks as you move away! The goblin barely misses you.
The orc warrior attacks as you move away!
The orc warrior hits you with a +0 hand axe.
* * * LOW HITPOINT WARNING * * *
😨 HP[-1]
You take 1 damage, and now have 30/76 hp.
The orc warrior attacks as you move away!
The orc warrior hits you with a +0 hand axe!
* * * LOW HITPOINT WARNING * * *
😨 HP[-10]
You take 10 damage, and now have 20/76 hp.
The orc attacks as you move away! The orc barely misses you.
There is a gate leading back out of this place here. 😨 HP[+1]
The orc hits you but does no damage. The orc warrior closely misses you.
The orc hits you with a +0 hand axe.
* * * LOW HITPOINT WARNING * * *
Welcome back to the Dungeon!
The killer bee stings you but does no damage.
The killer bee closely misses you. The killer bee stings you.
* * * LOW HITPOINT WARNING * * *
The killer bee barely misses you.
There is an empty arch of ancient stone here.
Unknown command. 😱 HP[-3] MP[+1]
You take 3 damage, and now have 18/76 hp.
Okay, then.
As you read the scroll of teleportation {@r4}, it crumbles to dust.
You feel strangely unstable. The killer bee barely misses you.
The killer bee stings you but does no damage.
The goblin closely misses you.
The killer bee stings you but does no damage. x2
The orc hits you with a +0 hand axe.
* * * LOW HITPOINT WARNING * * *
The orc warrior hits you with a +0 hand axe.
* * * LOW HITPOINT WARNING * * *
The orc hits you with a +0 hand axe!
You die...

Skill      XL: |  1  2  3  4  5  6  7  8  9 |
---------------+----------------------------+-----
Transmutations | 3 4 6 7 8 |  8.0
Poison Magic   | 1 2 |  2.0
Unarmed Combat | 4 5 6 |  6.0
Spellcasting   | 3 4 5 |  5.2
Ice Magic      | 2 3 5 |  5.0
Fighting       | |  1.1
Dodging        | |  1.7

Action                   |  1- 3 |  4- 6 |  7- 9 || total
-------------------------+-------+-------+-------++-------
Melee: Unarmed           |   163 |   109 |   116 ||   388
       Tailslap          |    16 |     2 |       ||    18
       Kick              |    28 |    16 |       ||    44
       Punch             |     3 |     3 |       ||     6
       Headbutt          |     3 |    11 |       ||    14
 Cast: Beastly Appendage |    20 |    14 |       ||    34
       Wereblood         |       |     2 |     4 ||     6
       Spider Form       |       |     4 |     3 ||     7
       Ice Form          |       |       |    14 ||    14
 Abil: Breathe Lightning |       |       |     1 ||     1
Evoke: Piece from Xom's  |       |     2 |       ||     2
       Wand              |       |       |     3 ||     3
  Use: Scroll            |     2 |    10 |     3 ||    15
       Potion            |       |       |     3 ||     3
Armor: Skin              |    57 |    35 |    53 ||   145
Dodge: Dodged            |   118 |    66 |    69 ||   253

Levels and vault maps discovered:
D:1:      dpeg_arrival_round_c, layout_rooms,
          shapermc_ecumenical_altar_rom_forum, minmay_misc_feat_chi,
          minmay_box_of_dots
D:2:      layout_basic
D:3:      layout_rooms, biasface_ghost_orc_armoury
D:4:      layout_basic, kiku_gazebo_garden_becter, xom_butterflies,
          mainiacjoe_overflow_brackets, lexackson_kobold_supper
D:5:      layout_basic, nicolae_uskayaw_en_pointe, fedhas_altar_2,
          uniq_eustachio, uniq_pikel, uniq_edmund
D:6:      layout_basic, dreamdust_divine_triumvirate,
          minmay_temple_entry_glassed_door
D:7:      layout_basic, enter_bailey_3, kennysheep_donut,
          hangedman_decor_points, grunt_decor_fettered,
          dilly_guarded_unrand_morg, uniq_prince_ribbit1
Temple:   nicolae_temple_figure_eight

Notes
Turn   | Place    | Note
-------+----------+-------------------------------------------
     0 | D:1      | kae the Draconian Transmuter began the quest for the Orb.
     0 | D:1      | Reached XP level 1. HP: 16/16 MP: 3/3
     0 | D:1      | magus.rc [v1.11.3]
   193 | D:1      | Reached XP level 2. HP: 23/23 MP: 5/5
   206 | D:1      | Found a faded altar of an unknown god.
   211 | D:1      | Got Plato's Exposition on Guile
   357 | D:1      | You pick up a book of Callings and begin reading...
   357 | D:1      | You add the spells Summon Small Mammal, Call Canine
                  | Familiar and Summon Guardian Golem to your library.
   615 | D:1      | Reached XP level 3. HP: 28/28 MP: 4/6
   631 | D:1      | Learned a level 2 spell: Wereblood
   635 | D:1      | Learned a level 3 spell: Spider Form
   925 | D:2      | Reached skill level 3 in Transmutations
  1874 | D:2      | You fall into a shaft and drop 1 floor!
  2201 | D:3      | Reached skill level 1 in Poison Magic
  2301 | D:3      | Reached XP level 4. HP: 29/35 MP: 7/7
  2394 | D:3      | Found a runed translucent gate.
  2395 | D:3      | Found a runed translucent gate.
  2396 | D:3      | Found a runed translucent gate.
  2398 | D:3      | Identified the +3 ring mail of the Thistle {*Corrode rElec
                  | rPois Dex-3 SInv}
  2398 | D:3      | Noticed Philosophunculist's ghost (amateur MiHu)
  2492 | D:4      | Found an ancient bone altar of Kikubaaqudgha.
  2587 | D:4      | You pick up a book of Frost and begin reading...
  2587 | D:4      | You add the spells Freeze, Frozen Ramparts and Hailstorm to
                  | your library.
  2715 | D:4      | Noticed a kobold brigand
  2722 | D:4      | Killed a kobold brigand
  2723 | D:4      | Reached skill level 4 in Transmutations
  2723 | D:4      | Reached skill level 2 in Poison Magic
  2723 | D:4      | Reached XP level 5. HP: 38/40 MP: 4/9
  3013 | D:4      | Found a radiant altar of Vehumet.
  3093 | D:4      | Noticed a black bear
  3100 | D:4      | Killed a black bear
  3101 | D:4      | Reached skill level 4 in Unarmed Combat
  3101 | D:4      | Reached skill level 3 in Spellcasting
  3101 | D:4      | Reached XP level 6. HP: 26/47 MP: 6/10
  3215 | D:4      | Found a shimmering altar of Xom.
  3529 | D:4      | Reached skill level 5 in Transmutations
  3602 | D:5      | Entered Level 5 of the Dungeon
  3610 | D:5      | Learned a level 4 spell: Ice Form
  3695 | D:5      | Noticed a +0 dagger
  3696 | D:5      | Noticed Pikel
  3698 | D:5      | Noticed a +0 falchion
  3700 | D:5      | Noticed a +0 short sword
  3719 | D:5      | HP: 8/47 [Pikel/+1 whip of flaming (7)]
  3720 | D:5      | HP: 3/47 [Pikel/+1 whip of flaming (4)]
  3722 | D:5      | Killed Pikel
  3723 | D:5      | Reached skill level 4 in Spellcasting
  3723 | D:5      | Reached skill level 6 in Transmutations
  3723 | D:5      | Reached skill level 2 in Ice Magic
  3723 | D:5      | Your scales start taking on a glossy black colour.
  3723 | D:5      | Reached XP level 7. HP: 3/52 MP: 10/13
  3723 | D:5      | Gained mutation: You are resistant to electric shocks.
                  | (rElec) [Black Draconian growth]
  3810 | D:5      | Noticed a +0 spear
  3810 | D:5      | Noticed a +0 dagger
  3840 | D:5      | Reached skill level 3 in Ice Magic
  3932 | D:5      | Noticed a +0 falchion
  3932 | D:5      | Noticed a +0 short sword
  3933 | D:5      | Noticed a +0 spear
  3935 | D:5      | Found a hide-covered altar of Uskayaw.
  4196 | D:5      | Noticed Eustachio
  4203 | D:5      | Reached skill level 5 in Unarmed Combat
  4203 | D:5      | Reached XP level 8. HP: 59/59 MP: 9/14
  4217 | D:5      | Killed Eustachio
  4267 | D:5      | Found a blossoming altar of Fedhas.
  4336 | D:5      | Noticed Edmund
  4347 | D:5      | Killed Edmund
  4348 | D:5      | Reached skill level 4 in Ice Magic
  4900 | D:6      | Reached skill level 7 in Transmutations
  5184 | D:6      | Found a staircase to the Ecumenical Temple.
  5299 | D:6      | Reached skill level 5 in Ice Magic
  5357 | D:6      | Found a glowing silver altar of Zin.
  5357 | D:6      | Found a white marble altar of Elyvilon.
  5357 | D:6      | Found a glowing golden altar of the Shining One.
  5807 | Temple   | Entered the Ecumenical Temple
  6019 | Temple   | Became a worshipper of Ru the Awakened
  6075 | D:6      | Reached skill level 5 in Spellcasting
  6197 | D:7      | Reached XP level 9. HP: 64/64 MP: 16/16
  6221 | D:7      | Reached skill level 6 in Unarmed Combat
  6233 | D:7      | Found a flagged portal.
  6242 | D:7      | HP: 18/76 [killer bee (5)]
  6244 | D:7      | Reached skill level 8 in Transmutations
  6247 | D:7      | HP: 10/76 [poisoned by a killer bee]
  6247 | D:7      | HP: 4/76 [killer bee (3)]
  6248 | Bailey   | Entered a bailey
  6512 | Bailey   | Noticed an orc knight
  6514 | Bailey   | Gained mutation: Your flesh is heat resistant. (rF+)
                  | [potion of mutation]
  6514 | Bailey   | Gained mutation: You possess an exceptional clarity of
                  | mind. [potion of mutation]
  6514 | Bailey   | Gained mutation: You are agile. (Dex +4, Str/Int -1)
                  | [potion of mutation]
  6527 | Bailey   | HP: 19/76 [orc/+0 hand axe (2)]
  6529 | D:7      | HP: 8/76 [orc warrior/+0 hand axe (6)]
  6529 | D:7      | Slain by an orc

Vanquished Creatures
  Pikel (D:5)
  Eustachio (D:5)
  Edmund (D:5)
  4 black bears
  A sky beast (D:7)
  2 centaurs (D:6)
  A kobold brigand (D:4)
  2 necrophages
  A bullfrog (D:7)
  A killer bee (D:7)
  3 jellies
  A howler monkey (D:4)
  3 orc priests
  2 hounds (D:4)
  4 iguanas
  3 orc wizards
  5 adders
  A worm (D:4)
  2 dart slugs
  16 orcs
  7 ball pythons
  3 bats
  6 endoplasms
  2 giant cockroaches (D:1)
  9 goblins
  6 hobgoblins
  9 jackals
  2 quokkas (D:1)
  3 frilled lizards
  13 kobolds
  7 rats
122 creatures vanquished.

Vanquished Creatures (others)
  5 plants (D:4)
5 creatures vanquished.

Grand Total: 127 creatures vanquished

Table legend:
 A = Non-vault XP
 B = Vault XP
 C = Vault XP percentage of total XP
 D = Non-vault monster count
 E = Vault monster count
 F = Vault count percentage of total count
                 A         B        C        D         E       F
            +---------+---------+-------+---------+---------+-------
      Total |    2049 |    1147 |  35.9 |     102 |      20 |  16.4
            +---------+---------+-------+---------+---------+-------
        D:1 |      43 |       6 |  12.2 |      24 |       3 |  11.1
        D:2 |      19 |       0 |   0.0 |      13 |       0 |   0.0
        D:3 |      32 |       0 |   0.0 |      14 |       0 |   0.0
        D:4 |     398 |     105 |  20.9 |      17 |       8 |  32.0
        D:5 |     352 |    1022 |  74.4 |       8 |       3 |  27.3
        D:6 |     720 |       0 |   0.0 |      16 |       0 |   0.0
        D:7 |     485 |       4 |   0.8 |      10 |       2 |  16.7
     Bailey |       0 |      10 | 100.0 |       0 |       4 | 100.0
            +---------+---------+-------+---------+---------+-------

Illustrated notes

Table legend:
 A = Kills in this place as a percentage of kills in entire the game.
 B = Kills by you in this place as a percentage of kills by you in the entire game.
 C = Kills by friends in this place as a percentage of kills by friends in the entire game.
 D = Other kills in this place as a percentage of other kills in the entire game.
 E = Experience gained in this place as a percentage of experience gained in the entire game.
 F = Experience gained in this place divided by the number of levels of this place that you have seen.
                   A       B       C       D       E      F
               +-------+-------+-------+-------+-------+----------------------
         Total | 100.0 | 100.0 |   N/A |   N/A | 100.0 | 355.1
       Dungeon |  96.7 |  96.7 |   N/A |   N/A |  99.7 | 455.1
        Bailey |   3.3 |   3.3 |   N/A |   N/A |   0.3 |  10.0
               +-------+-------+-------+-------+-------+----------------------

Table legend: (Time is in decaauts)
 A = Elapsed time spent in this place.
 B = Non-inter-level travel time spent in this place.
 C = Inter-level travel time spent in this place.
 D = Time resting spent in this place.
 E = Time spent auto-exploring this place.
 F = Levels seen in this place.
 G = Mean time per level.
                   A        B        C        D        E       F      G
               +--------+--------+--------+--------+--------+-----+--------+
         Total |   6500 |   6340 |    160 |    317 |   5013 |   9 |  722.2 |
       Dungeon |   5995 |   5873 |    122 |    125 |   4784 |   7 |  856.4 |
        Temple |    225 |    188 |     37 |      0 |    186 |   1 |  225.0 |
        Bailey |    279 |    279 |      0 |    192 |     43 |   1 |  279.0 |
               +--------+--------+--------+--------+--------+-----+--------+

Top non-repeatable levels by time:
     D:6: 1283 daAuts
     D:4: 1124 daAuts
     D:5: 1050 daAuts
     D:2: 997 daAuts
     D:1: 870 daAuts
     D:3: 594 daAuts
  Bailey: 279 daAuts
  Temple: 225 daAuts
     D:7: 75 daAuts
